 Dungeon Crawl Stone Soup version 0.21.0-3-g78d12a8 (webtiles) character file.

245 mopl the Slasher (level 6, -7/52 HPs)
             Began as a Tengu Skald on Jan 9, 2018.
             Was a Follower of the Shining One.
             Mangled by a gnoll
             ... wielding a +0 halberd
              (12 damage)
             ... on level 3 of the Dungeon.
             The game lasted 00:04:58 (2753 turns).

mopl the Slasher (Tengu Skald)                      Turns: 2753, Time: 00:04:58

Health: -7/52      AC:  3    Str: 16    XL:     6   Next: 10%
Magic:  10/10      EV: 12    Int: 14    God:    the Shining One [*.....]
Gold:   82         SH:  0    Dex: 15    Spells: 1/9 levels left

rFire    . . .     SeeInvis .   b - +0 short sword (venom)
rCold    . . .     Gourm    .   (no shield)
rNeg     . . .     Faith    .   j - +0 leather armour
rPois    .         Spirit   .   (helmet restricted)
rElec    .         Reflect  .   (no cloak)
rCorr    .         Harm     .   (no gloves)
MR       .....                  (boots unavailable)
Stlth    ..........             s - amulet of rage
HPRegen  0.17/turn              (no ring)
MPRegen  0.12/turn              (no ring)

@: berserking (expiring), glowing, very quick
A: beak, talons 3, able to fly 1
a: Fly, Renounce Religion, Evoke Berserk Rage


You were on level 3 of the Dungeon.
You worshipped the Shining One.
The Shining One was aware of your devotion.
You were very hungry.

You visited 1 branch of the dungeon, and saw 3 of its levels.

You collected 82 gold pieces.

Inventory:

Hand Weapons
 a - a +0 falchion
 b - a +0 short sword of venom (weapon)
 x - a +1 short sword of electrocution
Missiles
 e - 8 javelins (quivered)
Armour
 j - a +0 leather armour (worn)
Jewellery
 s - an amulet of rage (around neck)
Wands
 r - a wand of disintegration (12)
Scrolls
 g - a scroll of remove curse {unknown}
 k - a scroll of enchant weapon {unknown}
 m - 3 scrolls of identify {unknown}
 n - 2 scrolls of amnesia {unknown}
 o - 2 scrolls of teleportation {unknown}
 p - 2 scrolls of fog {unknown}
 u - a scroll of magic mapping {unknown}
 w - a scroll of immolation {unknown}
Potions
 f - 3 potions of brilliance
 h - 5 potions of haste
 i - a potion of heal wounds
 q - a potion of ambrosia {unknown}
Books
 c - a book of Battle

   Spells                             Type                      Level
   a - Infusion                       Charms                       1
   b - Shroud of Golubria             Charms/Translocation         2
   c - Song of Slaying                Charms                       2
   d - Spectral Weapon                Hexes/Charms                 3
   e - Regeneration                   Charms/Necromancy            3
 l - a book of Fire

   Spells                             Type                      Level
   a - Ignite Poison                  Fire/Transmutation/Poison    3
   b - Fireball                       Conjuration/Fire             5
   c - Bolt of Fire                   Conjuration/Fire             6
   d - Ring of Flames                 Charms/Fire                  7
   e - Ignition                       Fire                         8
 v - a book of Conjurations

   Spells                             Type                      Level
   a - Magic Dart                     Conjuration                  1
   b - Searing Ray                    Conjuration                  2
   c - Dazzling Spray                 Conjuration/Hexes            3
   d - Fulminant Prism                Conjuration/Hexes            4
   e - Force Lance                    Conjuration/Translocation    4
   f - Iskenderun's Mystic Blast      Conjuration                  4
Comestibles
 d - 8 rations
 t - 8 chunks of flesh


   Skills:
 - Level 2.0 Fighting
 * Level 6.3 Long Blades
 - Level 1.1 Armour
 - Level 2.1 Dodging
 - Level 2.0 Spellcasting
 - Level 2.4 Charms
 + Level 2.0 Evocations


You had one spell level left.
You knew the following spells:

 Your Spells              Type           Power        Failure   Level  Hunger
a - Infusion              Chrm           #...         11%         1    ##.....
b - Song of Slaying       Chrm           #.......     16%         2    ###....
c - Spectral Weapon       Hex/Chrm       #.......     47%         3    ####...
f - Shroud of Golubria    Chrm/Tloc      #.........   26%         2    ###....


Dungeon Overview and Level Annotations

Branches:
Dungeon (3/15)

Altars:
Fedhas
Trog
Zin
The Shining One


Innate Abilities, Weirdness & Mutations

You have a beak for a mouth.
You have claws for feet.
You can fly.


Message History

The gnoll barely misses you. x2
A red film seems to cover your vision as you go berserk!
You feel yourself moving faster!
You feel mighty!
You are feeling very hungry.
The gnoll completely misses you.
You feel a strong urge to attack something.
The gnoll closely misses you.
You barely miss the gnoll. The gnoll hits you but does no damage.
Your leather armour prevents you from hitting the gnoll.
The gnoll hits you from afar with a halberd!
* * * LOW HITPOINT WARNING * * *
The gnoll barely misses you.
You hit the gnoll.
The gnoll is poisoned.
You claw the gnoll. You peck the gnoll.
The gnoll is almost dead.
You hit the gnoll.
You kill the gnoll!
Your Evocations skill increases to level 2!
The gnoll hits you from afar with a halberd!
You die...

.###########...#........
.# #.#.#........ .#
#.#...##.#### .#
.###.##.###### .# ..
#....#/...# . #.
##........# # #.
#.##.....# # #.
##........#
#.##@..##....#
#.#)..###....# #Sg.#.#
#....# #....g###.#
#....# ...#... ... #####
. #... .... #... .....#
#... .....# #... ...#


You could see 2 gnolls and an adder.

Vanquished Creatures
  3 orc wizards (D:3)
  A gnoll (D:3)
  5 adders
  An ooze (D:2)
  4 worms
  A dart slug (D:1)
  A leopard gecko (D:3)
  8 orcs (D:3)
  3 ball pythons
  9 bats
  3 giant cockroaches
  7 hobgoblins
  8 jackals
  4 frilled lizards
  6 goblins
  8 kobolds
  11 rats
83 creatures vanquished.

Notes
Turn   | Place    | Note
-------+----------+-------------------------------------------
     0 | D:1      | mopl the Tengu Skald began the quest for the Orb.
     0 | D:1      | Reached XP level 1. HP: 12/12 MP: 4/4
   123 | D:1      | Reached XP level 2. HP: 17/17 MP: 6/6
   126 | D:1      | Reached skill level 3 in Long Blades
   130 | D:1      | Learned a level 2 spell: Song of Slaying
   133 | D:1      | Learned a level 2 spell: Shroud of Golubria
   544 | D:2      | Found a faded altar of an unknown god.
   548 | D:2      | Became a worshipper of the Shining One
   548 | D:2      | Reached * piety under the Shining One
   603 | D:2      | Reached skill level 4 in Long Blades
   603 | D:2      | Reached XP level 3. HP: 10/21 MP: 7/7
  1092 | D:2      | Reached XP level 4. HP: 7/26 MP: 8/8
  1453 | D:2      | Found a blossoming altar of Fedhas.
  1471 | D:2      | Reached skill level 5 in Long Blades
  1912 | D:3      | Found a bloodstained altar of Trog.
  1918 | D:3      | Found a glowing silver altar of Zin.
  1924 | D:3      | Gained mutation: You can fly. [Tengu growth]
  1924 | D:3      | Reached XP level 5. HP: 9/30 MP: 5/9
  2143 | D:3      | Reached skill level 1 in Evocations
  2399 | D:3      | Learned a level 3 spell: Spectral Weapon
  2667 | D:3      | Reached skill level 6 in Long Blades
  2684 | D:3      | Reached XP level 6. HP: 27/35 MP: 8/10
  2753 | D:3      | Reached skill level 2 in Evocations
  2753 | D:3      | Mangled by a gnoll

Skill      XL: |  1  2  3  4  5  6 |
---------------+-------------------+-----
Long Blades    | 4 5 6 |  6.3
Evocations     | 1 2 |  2.0
Fighting       | |  2.0
Armour         | |  1.1
Dodging        | |  2.1
Spellcasting   | |  2.0
Charms         | |  2.4

Action                   |  1- 3 |  4- 6 || total
-------------------------+-------+-------++-------
Melee: Falchion          |    33 |       ||    33
       Kick              |    17 |    29 ||    46
       Peck              |     6 |    22 ||    28
       Short sword       |    32 |   115 ||   147
 Cast: Infusion          |     2 |     5 ||     7
       Shroud of Golubri |     1 |     1 ||     2
       Song of Slaying   |       |     1 ||     1
 Abil: Evoke Berserk Rag |       |     1 ||     1
  Use: Potion            |       |     3 ||     3
  Eat: Chunk             |     1 |     5 ||     6
Armor: Leather armour    |    14 |    23 ||    37
Dodge: Dodged            |    49 |    77 ||   126
       Rpst.: Falchion   |     7 |       ||     7
